 Dungeon Crawl Stone Soup version 0.31-a0-236-g9a0961fb85 (webtiles) character file.

Game seed: 9333054156776879072

256 qw the Shooter (level 6, -1/37 HPs)
             Began as a Gargoyle Hexslinger on July 10, 2023.
             Slain by Edmund
             ... wielding a +2 flail of distortion
              (9 damage)
             ... on level 4 of the Dungeon.
             The game lasted 00:01:13 (2472 turns).

qw the Shooter (Gargoyle Hexslinger)                Turns: 2472, Time: 00:01:14

Health: -1/37      AC:  9    Str: 12    XL:     6   Next: 15%
Magic:  7/7        EV: 10    Int: 13    God:
Gold:   137        SH:  0    Dex: 14    Spells: 6/7 levels left

rFire   . . .        Y - +4 sling
rCold   . . .        (no shield)
rNeg    + . .        e - +0 ring mail
rPois   inf          (no helmet)
rElec   +            (no cloak)
rCorr   .            (no gloves)
SInv    .            (no boots)
Will    .....        (no amulet)
Stlth   +            (no ring)
HPRegen 0.26/turn    (no ring)
MPRegen 0.10/turn

%: no passive effects
@: no status effects
A: sickness immunity, AC +4, negative energy resistance 1, electricity
resistance, torment resistance 1, petrification resistance
a: no special abilities


You were on level 4 of the Dungeon.
You visited 1 branch of the dungeon, and saw 4 of its levels.

You collected 137 gold pieces.


Innate Abilities, Weirdness & Mutations

You are immune to sickness and miasma.
Your stone body is resilient. (AC +4)
You are immune to poison.
You resist negative energy. (rN+)
You are resistant to electric shocks. (rElec)
You are resistant to unholy torment.
You are immune to petrification.


   Skills:
 - Level 3.2 Fighting
 + Level 5.2 Ranged Weapons
 - Level 1.5 Armour
 - Level 1.5 Dodging
 - Level 1.0 Spellcasting
 - Level 2.6 Hexes


You had 6 spell levels left.
You knew the following spells:

 Your Spells              Type           Power      Damage    Failure   Level
a - Slow                  Hex            28%        N/A       21%         1

Your spell library contained the following spells:

 Spells                   Type           Power      Damage    Failure   Level
 Inner Flame              Hex/Fire       4%         N/A       71%         3
 Portal Projectile        Hex/Tloc       8%         N/A       71%         3
 Cause Fear               Hex            3%         N/A       90%         4

Inventory:

Hand Weapons
 Y - a +4 sling (weapon)
Armour
 e - a +0 ring mail (worn)
 g - a +2 leather armour of fire resistance
Jewellery
 f - a ring of ice
Scrolls
 a - a scroll of brand weapon {unknown}
 b - a scroll of identify
Potions
 c - a potion of resistance
 d - 3 potions of curing
 h - a potion of enlightenment {unknown}
 i - a potion of magic {unknown}

Dungeon Overview and Level Annotations

Branches:
Dungeon (4/15)
 Temple: D:4-7

Altars:
Zin

Annotations:
D:4 Edmund


Message History

Enter note:
Enter note:
Enter note:
Enter note:
Enter note:
Enter note:
Enter note:
Enter note:
Enter note:
2467 ||| FLEEEEING.
Enter note:
Enter note:
Enter note:
Enter note:
Enter note:
Enter note:
Enter note:
Enter note:
Enter note:
Enter note:
Enter note:
Enter note:
Enter note:
Enter note:
Enter note:
2468 ||| FLEEEEING.
You shoot a sling bullet. The sling bullet hits Edmund.
Edmund is heavily wounded.
Edmund barely misses you.
You shoot a sling bullet. The sling bullet closely misses Edmund.
Edmund hits you with a +2 flail of distortion!
Space warps around you.
You shoot a sling bullet. The sling bullet hits Edmund!
Edmund is severely wounded.
Edmund hits you but does no damage. Space warps around you.
Edmund hits you with a +2 flail of distortion.
Space warps horribly around you!
You shoot a sling bullet. The sling bullet barely misses Edmund.
Edmund hits you with a +2 flail of distortion!
You die...

#.# #.# #.#######%########
####### #.##...##.........
......# #.##..........####
......# #.##....#.....# ......#
..............#
......####..##....#.....#
............##..@.#.##.##
................@........
.......###...........#..##
####.#.###...........#..#
..........)..........#..#
##.#.#.##..#.........#..#########
...........................<.....
.......>....%...........# #......
.#.#.#..#..#.........#..# #......
...#.#..#..# # #..###......


You could see Edmund.

Vanquished Creatures
  An orc priest (D:4)
  An iguana (D:3)
  Natasha (twice) (D:2)
  5 gnolls
  2 adders (D:4)
  2 worms (D:3)
  A dart slug (D:1)
  5 orcs (D:4)
  4 bats
  8 endoplasms
  3 goblins
  5 hobgoblins
  6 jackals (D:3)
  3 quokkas
  5 ball pythons
  5 frilled lizards
  7 kobolds
  5 rats
70 creatures vanquished.

Notes
Turn   | Place    | Note
-------+----------+-------------------------------------------
     0 | D:1      | qw the Gargoyle Hexslinger began the quest for the Orb.
     0 | D:1      | Reached XP level 1. HP: 12/12 MP: 2/2
     0 | D:1      | 0 ||| qw: Version: 0.3-a-52-g30416fa
     0 | D:1      | 0 ||| qw: Game counter: 4884
     0 | D:1      | 0 ||| qw: Melee chars always use a shield: true
     0 | D:1      | 0 ||| qw: God list: Okawaru
     0 | D:1      | 0 ||| qw: Allow faded altars: false
     0 | D:1      | 0 ||| qw: Do Orc after clearing Dungeon:15 true
     0 | D:1      | 0 ||| qw: Do second Lair branch before Depths: true
     0 | D:1      | 0 ||| qw: Lair rune preference: random
     0 | D:1      | 0 ||| qw: Goals: Normal
     0 | D:1      | 0 ||| PLANNING D:1-11
    22 | D:1      | 22 ||| FLEEEEING.
    64 | D:1      | Reached XP level 2. HP: 16/16 MP: 3/3
   157 | D:1      | Reached skill level 3 in Ranged Weapons
   304 | D:1      | Reached XP level 3. HP: 15/21 MP: 4/4
   476 | D:1      | Found a faded altar of an unknown god.
   578 | D:1      | 578 ||| UPGRADING to +0 ring mail.
   588 | D:1      | 588 ||| DROPPING +0 robe.
   589 | D:1      | 589 ||| READING 2 scrolls labelled HEUNEF WUOSM.
   590 | D:1      | 590 ||| READING scroll labelled ZEOHULYMODY.
   595 | D:1      | 595 ||| READING scroll labelled RUIZYSUESE.
   596 | D:1      | 596 ||| READING scroll labelled ZIUKKA CAEBLIODO.
   597 | D:1      | 597 ||| DRINKING 3 sedimented blue potions.
   598 | D:1      | 598 ||| DROPPING scroll of blinking.
   599 | D:1      | 599 ||| DROPPING scroll of poison.
   792 | D:2      | Noticed Natasha
   800 | D:2      | 800 ||| READING scroll labelled ROLE QOWOJ.
   801 | D:2      | 801 ||| READING scroll labelled GUFRAYK BITOPO.
   802 | D:2      | 802 ||| DRINKING 2 fizzy dark potions.
   803 | D:2      | 803 ||| READING 2 scrolls of identify.
   803 | D:2      | 803 ||| IDENTIFYING coppery potion
   804 | D:2      | 804 ||| DROPPING potion of degeneration.
   849 | D:2      | Killed Natasha
   850 | D:2      | Reached XP level 4. HP: 26/26 MP: 5/5
   990 | D:2      | Reached skill level 4 in Ranged Weapons
  1041 | D:2      | Noticed Natasha
  1053 | D:2      | Killed Natasha
  1054 | D:2      | Reached skill level 1 in Armour
  1086 | D:2      | 1086 ||| READING 3 scrolls labelled BANOACR ZAXEA.
  1087 | D:2      | 1087 ||| READING 2 scrolls of enchant weapon.
  1087 | D:2      | 1087 ||| ENCHANTING +2 sling.
  1088 | D:2      | 1088 ||| READING scroll of enchant weapon.
  1088 | D:2      | 1088 ||| ENCHANTING +3 sling.
  1288 | D:3      | Found a glowing silver altar of Zin.
  1361 | D:3      | Reached XP level 5. HP: 30/30 MP: 6/6
  1718 | D:3      | 1718 ||| READING scroll labelled UCLEEZ RECWU.
  1719 | D:3      | 1719 ||| READING scroll labelled VOUBOB CUVY.
  1720 | D:3      | 1720 ||| READING 2 scrolls of identify.
  1720 | D:3      | 1720 ||| IDENTIFYING grey potion
  1721 | D:3      | 1721 ||| DROPPING potion of invisibility.
  1786 | D:4      | 1786 ||| STAIRDANCE
  1997 | D:4      | 1997 ||| Stepping ~*~*~tactically~*~*~ (outnumbered).
  1999 | D:4      | 1999 ||| Stepping ~*~*~tactically~*~*~ (outnumbered).
  2000 | D:4      | 2000 ||| Stepping ~*~*~tactically~*~*~ (outnumbered).
  2002 | D:4      | 2002 ||| Stepping ~*~*~tactically~*~*~ (outnumbered).
  2013 | D:4      | HP: 5/30 [gnoll/+0 spear (6)]
  2016 | D:4      | Reached skill level 5 in Ranged Weapons
  2018 | D:4      | HP: 3/30 [gnoll/+0 spear (4)]
  2144 | D:4      | 2144 ||| Stepping ~*~*~tactically~*~*~ (outnumbered).
  2155 | D:4      | 2155 ||| FLEEEEING.
  2156 | D:4      | 2156 ||| FLEEEEING.
  2157 | D:4      | 2157 ||| FLEEEEING.
  2158 | D:4      | 2158 ||| FLEEEEING.
  2159 | D:4      | 2159 ||| FLEEEEING.
  2160 | D:4      | 2160 ||| FLEEEEING.
  2161 | D:4      | 2161 ||| FLEEEEING.
  2162 | D:4      | 2162 ||| FLEEEEING.
  2163 | D:4      | 2163 ||| FLEEEEING.
  2164 | D:4      | 2164 ||| FLEEEEING.
  2165 | D:4      | 2165 ||| FLEEEEING.
  2166 | D:4      | 2166 ||| FLEEEEING.
  2167 | D:4      | 2167 ||| FLEEEEING.
  2168 | D:4      | 2168 ||| FLEEEEING.
  2169 | D:4      | 2169 ||| FLEEEEING.
  2170 | D:4      | 2170 ||| FLEEEEING.
  2171 | D:4      | 2171 ||| FLEEEEING.
  2172 | D:4      | 2172 ||| FLEEEEING.
  2173 | D:4      | 2173 ||| FLEEEEING.
  2174 | D:4      | 2174 ||| FLEEEEING.
  2175 | D:4      | 2175 ||| FLEEEEING.
  2176 | D:4      | 2176 ||| FLEEEEING.
  2177 | D:4      | 2177 ||| FLEEEEING.
  2178 | D:4      | 2178 ||| FLEEEEING.
  2179 | D:4      | 2179 ||| FLEEEEING.
  2180 | D:4      | 2180 ||| FLEEEEING.
  2181 | D:4      | 2181 ||| FLEEEEING.
  2182 | D:4      | 2182 ||| FLEEEEING.
  2195 | D:4      | Reached skill level 3 in Fighting
  2195 | D:4      | Reached XP level 6. HP: 37/37 MP: 7/7
  2459 | D:4      | Noticed Edmund
  2465 | D:4      | 2465 ||| FLEEEEING.
  2466 | D:4      | 2466 ||| FLEEEEING.
  2467 | D:4      | 2467 ||| FLEEEEING.
  2468 | D:4      | 2468 ||| FLEEEEING.
  2471 | D:4      | HP: 8/37 [Edmund/+2 flail of distortion (9)]
  2472 | D:4      | Slain by Edmund

Levels and vault maps discovered:
D:1:      minmay_arrival_checkered_box, layout_basic,
          shapermc_ecumenical_altar_mp_vishouse
D:2:      layout_rooms, serial_undead, serial_undead_c, serial_undead_a,
          serial_undead_b, serial_undead_e, uniq_natasha
D:3:      layout_basic, zin_academy, serial_park_tiny_2
D:4:      layout_basic, lemuel_doored_altar, uniq_edmund

Skill      XL: |  1  2  3  4  5 |
---------------+----------------+-----
Ranged Weapons | 3 4 5 |  5.2
Fighting       | 2 3 |  3.2
Armour         | 1 |  1.5
Dodging        | |  1.5
Spellcasting   | |  1.0
Hexes          | |  2.6

Action                     |  1- 3 |  4- 6 || total
---------------------------+-------+-------++-------
   Fire: Sling             |   113 |   130 ||   243
    Use: Scroll            |     7 |     6 ||    13
         Potion            |     2 |       ||     2
 Armour: Robe              |     8 |       ||     8
         Ring mail         |    16 |    40 ||    56
  Dodge: Dodged            |    34 |    47 ||    81

Table legend:
 A = Non-vault XP
 B = Vault XP
 C = Vault XP percentage of total XP
 D = Non-vault monster count
 E = Vault monster count
 F = Vault count percentage of total count
                 A         B        C        D         E       F
            +---------+---------+-------+---------+---------+-------
      Total |     331 |      35 |   9.6 |      69 |       1 |   1.4
            +---------+---------+-------+---------+---------+-------
        D:1 |      45 |       0 |   0.0 |      21 |       0 |   0.0
        D:2 |      59 |      35 |  37.2 |      15 |       1 |   6.2
        D:3 |      67 |       0 |   0.0 |      12 |       0 |   0.0
        D:4 |     160 |       0 |   0.0 |      21 |       0 |   0.0
            +---------+---------+-------+---------+---------+-------
